Login

Finger Badgers vs Apsos

Created - January 21, 2024 at 12:20

Goals
1 2 3 T
Finger Badgers 0 0 0 0
Apsos 4 0 1 5
Shots
1 2 3 T
Finger Badgers 3 7 24 34
Apsos 20 6 7 33

GoalsPenalties
1st period
1. Apsos , Joel Eriksson Ek 13 (Jamie Oleksiak 12) at 5:01
2. Apsos , Chris Kreider 13 (Moxie Manslammer 20, Adam Larsson 9) at 6:45 (PP)
3. Apsos , Moxie Manslammer 13 (Joel Eriksson Ek 15, Gustav Forsling 9) at 9:05
4. Apsos , Jakub Vrana 8 (Joel Eriksson Ek 16, Jack Johnson 8) at 16:56 (PP)
Josh Anderson (DFB) for Tripping (Minor) at 6:21
Neal Pionk (DFB) for Hooking (Minor) at 13:32
Erik Johnson (DFB) for Hooking (Minor) at 16:43
Brayden McNabb (DFB) for High sticking (Minor) at 17:57
2nd period
No Goal
Erik Johnson (DFB) for Interference (Minor) at 5:12
Erik Johnson (DFB) for Hooking (Minor) at 10:18
3rd period
5. Apsos , Joel Eriksson Ek 14 (Jamie Oleksiak 13) at 15:58 (PP)
Boone Jenner (DFB) for Holding (Minor) at 6:12
Marcus Pettersson (LHA) for Holding (Minor) at 10:33
Nicolas Hague (DFB) for Roughing (Minor) at 15:54
Adam Larsson (LHA) for Boarding (Minor) at 18:58
Goalie Stats
Tristan Jarry (DFB), 28 saves from 33 shots - (0.848), L, 10-24-5, 60:00 minutes
Alexandar Georgiev (LHA), 34 saves from 34 shots - (1.000), W, 24-9-6, 60:00 minutes
3 StarsOfficial
1 - Joel Eriksson Ek (LHA)
2 - Alexandar Georgiev (LHA)
3 - Moxie Manslammer (LHA)
Referees : Unknown
Linesman : Unknown
Game Note
No Game Note
Finance
Level 1 -- Attendance: 4699 (78.32%) -- Ticket Income $469,900
Level 2 -- Attendance: 4116 (82.32%) -- Ticket Income $246,960
Level 3 -- Attendance: 1529 (76.45%) -- Ticket Income $53,515
Level 4 -- Attendance: 3281 (82.03%) -- Ticket Income $82,025
Luxury Box -- Attendance: 924 (92.40%) -- Ticket Income $184,800
Game was played at the Yak Dome.
Total Attendance: 14549 (80.83%)
Total Ticket Income: $1,037,200
Other Income: $414,880
Total Income: $1,452,080



Team Name Goals Shots Shots Attemp Shots Blocked PIM HIT PP PK FO%
Finger Badgers 034531116250 / 2 (0%)358%
Apsos 5336484193 / 8 (38%)042%

Finger Badgers
Player Name POS G A P +/- PIM HIT SHT SB MP PP MP PP SHT PK MP PK SHT FO% FOT
Anders LeeLW000-1014014:211:2910:00050% 2
Boone JennerC/LW000-1203020:431:3115:07057% 35
Brayden McNabbD000-1201116:570:3604:1300% 0
Douche LaroucheD000-1061326:542:2415:5200% 0
Eeli TolvanenLW/RW0000000013:140:0000:000100% 1
Erik JohnsonD0000620019:020:3602:5200% 0
Henri JokiharjuD000-1020217:370:0004:2300% 0
Josh AndersonLW/RW000-1223016:391:3111:0300% 1
Marcus FolignoLW000000006:120:0000:0000% 1
Max PaciorettyLW0000013013:190:0000:0500% 0
Neal PionkD000-1202323:482:2413:5200% 0
Nicolas HagueD0000220215:360:0000:0000% 0
Pierre-Luc DuboisC/LW/RW000-1006019:091:2924:48172% 29
Ryan HartmanC/RW000-1033021:171:3115:400100% 1
Ryan JohansenC/RW000000206:530:0000:41063% 8
Tanner JeannotLW/RW000000006:120:0000:0000% 1
Tom WilsonRW000-1053018:091:2903:480100% 1
Yanni GourdeC/RW0000013013:140:0000:00027% 11
Apsos
Player Name POS G A P +/- PIM HIT SHT SB MP PP MP PP SHT PK MP PK SHT FO% FOT
Adam LarssonD0111233020:485:4621:0600% 0
Brett HowdenC/LW/RW0000010012:151:0300:0000% 1
Chris KreiderLW/RW1011001021:164:2811:0700% 1
Dmitry KulikovD0000011319:033:4701:2600% 0
Evgeny KuznetsovC000000000:000:0000:0000% 0
Gustav ForslingD0111000013:001:0300:2800% 0
Jack JohnsonD0110000119:033:4701:2600% 0
Jakub VranaLW1011003017:474:2710:0000% 1
Jamie OleksiakD0221032021:175:4611:3400% 0
Joel Eriksson EkC22420310020:594:5711:07043% 30
Marcus PetterssonD0001210111:280:0000:0000% 0
Matt RoyD000000107:080:0000:0000% 0
Mike HoffmanLW/RW0000000011:131:4100:00050% 2
Moxie ManslammerC/LW1121041022:224:3601:53039% 28
Nick BjugstadC/RW0001023025:224:2711:53067% 3
Pavel BuchnevichLW/RW0000006026:334:3610:0000% 2
Phillip DanaultC0000012019:131:3300:00048% 23
TJ BrodieD000000038:111:0300:0000% 0

Finger Badgers

5 vs 5 Forward
Line #Left WingCenterRight WingPHYDFOFWanted %Time %Time Play
1Josh AndersonBoone JennerRyan Hartman1223030%14:06
2Anders LeePierre-Luc DuboisTom Wilson1222828%12:52
3Max PaciorettyYanni GourdeEeli Tolvanen1222629%13:14
4Marcus FolignoRyan JohansenTanner Jeannot1221613%6:12
5 vs 5 Defense
Line #DefenseDefensePHYDFOFWanted %Time %Time Play
1Douche LaroucheHenri Jokiharju1223029%13:14
2Brayden McNabbNeal Pionk1222826%12:09
3Nicolas HagueErik Johnson1222634%15:37
4Douche LaroucheNeal Pionk1221612%5:24
Power Play Forward
Line #Left WingCenterRight WingPHYDFOFWanted %Time %Time Play
1Josh AndersonBoone JennerRyan Hartman1225551%1:31
2Anders LeePierre-Luc DuboisTom Wilson1224549%1:29
Power Play Defense
Line #DefenseDefensePHYDFOFWanted %Time %Time Play
1Douche LaroucheNeal Pionk1225580%2:24
2Brayden McNabbErik Johnson1224520%0:36
Penalty Kill 4 Players Forward
Line #CenterWingPHYDFOFWanted %Time %Time Play
1Boone JennerRyan Hartman1225564%6:46
2Pierre-Luc DuboisTom Wilson1224536%3:50
Penalty Kill 4 Players Defense
Line #DefenseDefensePHYDFOFWanted %Time %Time Play
1Douche LaroucheErik Johnson1225557%6:00
2Brayden McNabbNeal Pionk1224543%4:36
Penalty Kill 3 Players
Line #WingPHYDFOFWanted %Time %Time PlayDefenseDefensePHYDFOFWanted %Time %Time Play
1Boone Jenner122550%0:00 Douche LaroucheErik Johnson122550%0:00
2Pierre-Luc Dubois122450%0:00 Brayden McNabbNeal Pionk122450%0:00
4 vs 4 Forward
Line #CenterWingPHYDFOFWanted %Time %Time Play
1Boone JennerJosh Anderson122550%0:00
2Pierre-Luc DuboisAnders Lee122450%0:00
4 vs 4 Defense
Line #DefensePHYDFOFWanted %Time %Time Play
1Douche LaroucheHenri Jokiharju122550%0:00
2Brayden McNabbNeal Pionk122450%0:00
Last Minutes Offensive
Left WingCenterRight WingDefenseDefense
Josh AndersonBoone JennerRyan HartmanDouche LaroucheNeal Pionk
Last Minutes Defensive
Left WingCenterRight WingDefenseDefense
Anders LeeBoone JennerTom WilsonDouche LaroucheBrayden McNabb
Time
Total ForwardTotal DefenseLast Minutes OffensiveLast Minutes Defensive
60:00 60:00 0:000:00
Extra Forwards
Normal PowerPlayPenalty Kill
Max Pacioretty, Eeli Tolvanen, Ryan HartmanMax Pacioretty, Eeli TolvanenRyan Hartman
Extra Defensemen
Normal PowerPlayPenalty Kill
Nicolas Hague, Erik Johnson, Henri JokiharjuNicolas Hague, Brayden McNabbHenri Jokiharju
Penalty Shots
Pierre-Luc Dubois, Boone Jenner, Anders Lee, Max Pacioretty, Tom Wilson
Goalie
Tristan Jarry, Joey Daccord
Custom OT Lines Forwards
Boone Jenner, Pierre-Luc Dubois, Anders Lee, Tom Wilson, Josh Anderson, Max Pacioretty, Ryan Hartman, Eeli Tolvanen, Ryan Johansen, Marcus Foligno
Custom OT Lines Defensemen
Douche Larouche, Brayden McNabb, Neal Pionk, Erik Johnson, Nicolas Hague
Scratches
Johnathan Kovacevic (Healthy), Luke Kunin (Healthy), Mason Appleton (Healthy)

Apsos

5 vs 5 Forward
Line #Left WingCenterRight WingPHYDFOFWanted %Time %Time Play
1Pavel BuchnevichMoxie ManslammerChris Kreider1223032%14:59
2Jakub VranaJoel Eriksson EkNick Bjugstad1222829%13:20
3Pavel BuchnevichPhillip DanaultBrett Howden1222623%10:36
4Mike HoffmanPhillip DanaultNick Bjugstad1221616%7:29
5 vs 5 Defense
Line #DefenseDefensePHYDFOFWanted %Time %Time Play
1Jamie OleksiakAdam Larsson1223030%13:57
2Dmitry KulikovJack Johnson1222830%13:50
3Marcus PetterssonGustav Forsling1222625%11:29
4TJ BrodieMatt Roy1221615%7:08
Power Play Forward
Line #Left WingCenterRight WingPHYDFOFWanted %Time %Time Play
1Pavel BuchnevichMoxie ManslammerChris Kreider1225543%4:36
2Jakub VranaJoel Eriksson EkNick Bjugstad1224557%6:00
Power Play Defense
Line #DefenseDefensePHYDFOFWanted %Time %Time Play
1Jamie OleksiakAdam Larsson1225564%6:49
2Dmitry KulikovJack Johnson1224536%3:47
Penalty Kill 4 Players Forward
Line #CenterWingPHYDFOFWanted %Time %Time Play
1Moxie ManslammerNick Bjugstad1225563%1:53
2Joel Eriksson EkChris Kreider1224537%1:07
Penalty Kill 4 Players Defense
Line #DefenseDefensePHYDFOFWanted %Time %Time Play
1Jamie OleksiakAdam Larsson1225552%1:34
2Dmitry KulikovJack Johnson1224548%1:26
Penalty Kill 3 Players
Line #WingPHYDFOFWanted %Time %Time PlayDefenseDefensePHYDFOFWanted %Time %Time Play
1Moxie Manslammer122550%0:00 Jamie OleksiakAdam Larsson122550%0:00
2Joel Eriksson Ek122450%0:00 Dmitry KulikovJack Johnson122450%0:00
4 vs 4 Forward
Line #CenterWingPHYDFOFWanted %Time %Time Play
1Moxie ManslammerPavel Buchnevich122550%0:00
2Joel Eriksson EkChris Kreider122450%0:00
4 vs 4 Defense
Line #DefensePHYDFOFWanted %Time %Time Play
1Jamie OleksiakAdam Larsson122550%0:00
2Dmitry KulikovJack Johnson122450%0:00
Last Minutes Offensive
Left WingCenterRight WingDefenseDefense
Chris KreiderJoel Eriksson EkPavel BuchnevichGustav ForslingAdam Larsson
Last Minutes Defensive
Left WingCenterRight WingDefenseDefense
Nick BjugstadPhillip DanaultJoel Eriksson EkJack JohnsonAdam Larsson
Time
Total ForwardTotal DefenseLast Minutes OffensiveLast Minutes Defensive
60:00 60:00 0:000:00
Extra Forwards
Normal PowerPlayPenalty Kill
Joel Eriksson Ek, Phillip Danault, Mike HoffmanJoel Eriksson Ek, Phillip DanaultMike Hoffman
Extra Defensemen
Normal PowerPlayPenalty Kill
Adam Larsson, Jamie Oleksiak, Marcus PetterssonTJ Brodie, Gustav ForslingAdam Larsson
Penalty Shots
Pavel Buchnevich, Joel Eriksson Ek, Evgeny Kuznetsov, Chris Kreider, Nick Bjugstad
Goalie
Alexandar Georgiev, Connor Ingram
Custom OT Lines Forwards
Moxie Manslammer, Pavel Buchnevich, Joel Eriksson Ek, Chris Kreider, Jakub Vrana, Evgeny Kuznetsov, Nick Bjugstad, Mike Hoffman, Phillip Danault, Brett Howden
Custom OT Lines Defensemen
Adam Larsson, Jamie Oleksiak, Dmitry Kulikov, Gustav Forsling, Jack Johnson
Scratches
Kasperi Kapanen (Healthy), Ryan Donato (Healthy), Kaapo Kahkonen (Healthy)


Play-by-Play

1st period


0:01 of 1st period - Boone Jenner wins face-off versus Chris Kreider in neutral zone.
1:07 of 1st period - Shot by Jakub Vrana.
1:07 of 1st period - Shot Blocked by Neal Pionk.
1:13 of 1st period - Shot by Joel Eriksson Ek.
1:13 of 1st period - Stopped by Tristan Jarry without a rebound.
1:14 of 1st period - Eeli Tolvanen wins face-off versus Phillip Danault in Finger Badgers zone.
1:47 of 1st period - Shot by Max Pacioretty.
1:47 of 1st period - Stopped by Alexandar Georgiev without a rebound.
1:48 of 1st period - Phillip Danault wins face-off versus Ryan Johansen in Apsos zone.
2:15 of 1st period - Tanner Jeannot is hit by Brett Howden and loses puck.
3:28 of 1st period - Shot by Joel Eriksson Ek.
3:28 of 1st period - Shot Blocked by Henri Jokiharju.
3:34 of 1st period - Shot by Jakub Vrana.
3:34 of 1st period - Stopped by Tristan Jarry with a rebound.
3:36 of 1st period - Shot by Nick Bjugstad.
3:36 of 1st period - Shot Misses the Net.
4:03 of 1st period - Shot by Mike Hoffman.
4:03 of 1st period - Shot Misses the Net.
4:05 of 1st period - Shot by Marcus Pettersson.
4:05 of 1st period - Shot Misses the Net.
4:40 of 1st period - Josh Anderson is hit by Marcus Pettersson and loses puck.
5:01 of 1st period - Shot by Joel Eriksson Ek.
5:01 of 1st period - Goal by Joel Eriksson Ek - Finger Badgers : 0 - Apsos : 1.
5:02 of 1st period - Joel Eriksson Ek wins face-off versus Pierre-Luc Dubois in neutral zone.
5:02 of 1st period - Joel Eriksson Ek is hit by Anders Lee.
5:05 of 1st period - Jamie Oleksiak is hit by Erik Johnson and loses puck.
5:22 of 1st period - Icing by Adam Larsson.
5:23 of 1st period - Joel Eriksson Ek wins face-off versus Tanner Jeannot in Apsos zone.
6:21 of 1st period - Minor Penalty to Josh Anderson for Tripping.
6:22 of 1st period - Moxie Manslammer wins face-off versus Boone Jenner in Finger Badgers zone.
6:35 of 1st period - Shot by Adam Larsson.
6:35 of 1st period - Stopped by Tristan Jarry with a rebound.
6:45 of 1st period - Shot by Moxie Manslammer.
6:45 of 1st period - Deflect By Chris Kreider.
6:45 of 1st period - Goal by Chris Kreider - Finger Badgers : 0 - Apsos : 2.
6:46 of 1st period - Pierre-Luc Dubois wins face-off versus Phillip Danault in neutral zone.
6:50 of 1st period - Off-side.
6:51 of 1st period - Boone Jenner wins face-off versus Nick Bjugstad in neutral zone.
6:56 of 1st period - Shot by Boone Jenner.
6:56 of 1st period - Shot Hit the Post.
7:42 of 1st period - Icing by Erik Johnson.
7:43 of 1st period - Boone Jenner wins face-off versus Phillip Danault in Finger Badgers zone.
7:58 of 1st period - Shot by Phillip Danault.
7:58 of 1st period - Shot Misses the Net.
8:00 of 1st period - Shot by Pavel Buchnevich.
8:00 of 1st period - Shot Blocked by Nicolas Hague.
8:02 of 1st period - Shot by Phillip Danault.
8:02 of 1st period - Stopped by Tristan Jarry with a rebound.
8:14 of 1st period - Shot by Pavel Buchnevich.
8:14 of 1st period - Shot Misses the Net.
8:37 of 1st period - Off-side.
8:38 of 1st period - Pierre-Luc Dubois wins face-off versus Moxie Manslammer in neutral zone.
9:01 of 1st period - Shot by Moxie Manslammer.
9:01 of 1st period - Shot Blocked by Douche Larouche.
9:03 of 1st period - Shot by Joel Eriksson Ek.
9:03 of 1st period - Shot Blocked by Henri Jokiharju.
9:05 of 1st period - Shot by Moxie Manslammer.
9:05 of 1st period - Goal by Moxie Manslammer - Finger Badgers : 0 - Apsos : 3.
9:06 of 1st period - Phillip Danault wins face-off versus Yanni Gourde in neutral zone.
9:21 of 1st period - Shot by Mike Hoffman.
9:21 of 1st period - Shot Blocked by Brayden McNabb.
9:33 of 1st period - Shot by Phillip Danault.
9:33 of 1st period - Shot Blocked by Neal Pionk.
9:35 of 1st period - Shot by Matt Roy.
9:35 of 1st period - Shot Misses the Net.
9:37 of 1st period - Shot by Nick Bjugstad.
9:37 of 1st period - Stopped by Tristan Jarry without a rebound.
9:38 of 1st period - Pierre-Luc Dubois wins face-off versus Moxie Manslammer in Finger Badgers zone.
9:53 of 1st period - Shot by Pavel Buchnevich.
9:53 of 1st period - Shot Misses the Net.
9:55 of 1st period - Shot by Dmitry Kulikov.
9:55 of 1st period - Stopped by Tristan Jarry without a rebound.
9:56 of 1st period - Nick Bjugstad wins face-off versus Ryan Johansen in Finger Badgers zone.
10:02 of 1st period - Neal Pionk is hit by Jamie Oleksiak and loses puck.
10:08 of 1st period - Ryan Johansen is hit by Jamie Oleksiak and loses puck.
10:30 of 1st period - Marcus Foligno is hit by Jamie Oleksiak.
10:55 of 1st period - Icing by Yanni Gourde.
10:56 of 1st period - Yanni Gourde wins face-off versus Phillip Danault in Finger Badgers zone.
11:07 of 1st period - Shot by Max Pacioretty.
11:07 of 1st period - Stopped by Alexandar Georgiev without a rebound.
11:08 of 1st period - Pierre-Luc Dubois wins face-off versus Moxie Manslammer in Apsos zone.
11:12 of 1st period - Icing by Dmitry Kulikov.
11:13 of 1st period - Pierre-Luc Dubois wins face-off versus Moxie Manslammer in Apsos zone.
12:15 of 1st period - Icing by Gustav Forsling.
12:16 of 1st period - Nick Bjugstad wins face-off versus Boone Jenner in Apsos zone.
12:16 of 1st period - Nick Bjugstad is hit by Ryan Hartman.
12:32 of 1st period - Shot by Boone Jenner.
12:32 of 1st period - Shot Blocked by Marcus Pettersson.
12:36 of 1st period - Shot by Josh Anderson.
12:36 of 1st period - Stopped by Alexandar Georgiev without a rebound.
12:37 of 1st period - Joel Eriksson Ek wins face-off versus Yanni Gourde in Apsos zone.
12:45 of 1st period - Shot by Joel Eriksson Ek.
12:45 of 1st period - Stopped by Tristan Jarry without a rebound.
12:46 of 1st period - Moxie Manslammer wins face-off versus Boone Jenner in Finger Badgers zone.
12:49 of 1st period - Shot by Chris Kreider.
12:49 of 1st period - Shot Hit the Post.
12:51 of 1st period - Shot by Adam Larsson.
12:51 of 1st period - Stopped by Tristan Jarry without a rebound.
12:52 of 1st period - Phillip Danault wins face-off versus Yanni Gourde in Finger Badgers zone.
12:55 of 1st period - Shot by Phillip Danault.
12:55 of 1st period - Stopped by Tristan Jarry without a rebound.
12:56 of 1st period - Phillip Danault wins face-off versus Yanni Gourde in Finger Badgers zone.
13:07 of 1st period - Shot by Phillip Danault.
13:07 of 1st period - Deflect By Pavel Buchnevich.
13:07 of 1st period - Stopped by Tristan Jarry with a rebound.
13:14 of 1st period - Pavel Buchnevich is hit by Douche Larouche and loses puck.
13:32 of 1st period - Minor Penalty to Neal Pionk for Hooking.
13:33 of 1st period - Boone Jenner wins face-off versus Joel Eriksson Ek in Finger Badgers zone.
14:03 of 1st period - Shot by Nick Bjugstad.
14:03 of 1st period - Stopped by Tristan Jarry without a rebound.
14:04 of 1st period - Pierre-Luc Dubois wins face-off versus Moxie Manslammer in Finger Badgers zone.
14:25 of 1st period - Shot by Pierre-Luc Dubois.
14:25 of 1st period - Shot Misses the Net.
14:58 of 1st period - Brayden McNabb is hit by Joel Eriksson Ek and loses puck.
15:03 of 1st period - Shot by Joel Eriksson Ek.
15:03 of 1st period - Shot Misses the Net.
15:05 of 1st period - Shot by Adam Larsson.
15:05 of 1st period - Stopped by Tristan Jarry without a rebound.
15:06 of 1st period - Ryan Hartman wins face-off versus Joel Eriksson Ek in Finger Badgers zone.
15:19 of 1st period - Shot by Adam Larsson.
15:19 of 1st period - Shot Misses the Net.
15:21 of 1st period - Shot by Jamie Oleksiak.
15:21 of 1st period - Shot Misses the Net.
15:23 of 1st period - Shot by Jamie Oleksiak.
15:23 of 1st period - Stopped by Tristan Jarry without a rebound.
15:24 of 1st period - Boone Jenner wins face-off versus Pavel Buchnevich in Finger Badgers zone.
16:22 of 1st period - Shot by Chris Kreider.
16:22 of 1st period - Shot Misses the Net.
16:43 of 1st period - Minor Penalty to Erik Johnson for Hooking.
16:44 of 1st period - Boone Jenner wins face-off versus Joel Eriksson Ek in Finger Badgers zone.
16:44 of 1st period - Boone Jenner is hit by Joel Eriksson Ek.
16:56 of 1st period - Shot by Jakub Vrana.
16:56 of 1st period - Goal by Jakub Vrana - Finger Badgers : 0 - Apsos : 4.
16:57 of 1st period - Phillip Danault wins face-off versus Pierre-Luc Dubois in neutral zone.
17:00 of 1st period - Shot by Pavel Buchnevich.
17:00 of 1st period - Stopped by Tristan Jarry with a rebound.
17:02 of 1st period - Shot by TJ Brodie.
17:02 of 1st period - Shot Misses the Net.
17:04 of 1st period - Shot by Matt Roy.
17:04 of 1st period - Stopped by Tristan Jarry without a rebound.
17:05 of 1st period - Moxie Manslammer wins face-off versus Boone Jenner in Finger Badgers zone.
17:27 of 1st period - Shot by Pavel Buchnevich.
17:27 of 1st period - Stopped by Tristan Jarry without a rebound.
17:28 of 1st period - Pierre-Luc Dubois wins face-off versus Joel Eriksson Ek in Finger Badgers zone.
17:57 of 1st period - Minor Penalty to Brayden McNabb for High sticking.
17:58 of 1st period - Boone Jenner wins face-off versus Moxie Manslammer in Finger Badgers zone.
17:58 of 1st period - Boone Jenner is hit by Moxie Manslammer.
18:46 of 1st period - Icing by Moxie Manslammer.
18:47 of 1st period - Boone Jenner wins face-off versus Moxie Manslammer in Apsos zone.
18:54 of 1st period - Shot by Ryan Hartman.
18:54 of 1st period - Shot Blocked by Dmitry Kulikov.
18:58 of 1st period - Shot by Boone Jenner.
18:58 of 1st period - Deflect By Ryan Hartman.
18:58 of 1st period - Shot Misses the Net.
19:31 of 1st period - Icing by Joel Eriksson Ek.
19:32 of 1st period - Joel Eriksson Ek wins face-off versus Pierre-Luc Dubois in Apsos zone.
19:40 of 1st period - Icing by Jamie Oleksiak.
19:41 of 1st period - Boone Jenner wins face-off versus Joel Eriksson Ek in Apsos zone.
Goals for this period are 0 for Finger Badgers vs 4 for Apsos.
Shots for this period are 3 for Finger Badgers vs 20 for Apsos.

2nd period


0:01 of 2nd period - Phillip Danault wins face-off versus Boone Jenner in neutral zone.
0:03 of 2nd period - Pavel Buchnevich is hit by Douche Larouche.
0:21 of 2nd period - Dmitry Kulikov is hit by Ryan Hartman and loses puck.
1:14 of 2nd period - Nick Bjugstad is hit by Henri Jokiharju.
1:21 of 2nd period - Joel Eriksson Ek is hit by Douche Larouche.
1:27 of 2nd period - Shot by Joel Eriksson Ek.
1:27 of 2nd period - Stopped by Tristan Jarry without a rebound.
1:28 of 2nd period - Moxie Manslammer wins face-off versus Anders Lee in Finger Badgers zone.
2:02 of 2nd period - Shot by Moxie Manslammer.
2:02 of 2nd period - Shot Misses the Net.
2:22 of 2nd period - Icing by Matt Roy.
2:23 of 2nd period - Joel Eriksson Ek wins face-off versus Ryan Johansen in Apsos zone.
2:54 of 2nd period - Shot by Ryan Johansen.
2:54 of 2nd period - Shot Blocked by TJ Brodie.
2:56 of 2nd period - Shot by Ryan Johansen.
2:56 of 2nd period - Stopped by Alexandar Georgiev without a rebound.
2:57 of 2nd period - Yanni Gourde wins face-off versus Moxie Manslammer in Apsos zone.
3:10 of 2nd period - Shot by Jamie Oleksiak.
3:10 of 2nd period - Shot Misses the Net.
3:35 of 2nd period - Neal Pionk is hit by Moxie Manslammer and loses puck.
3:46 of 2nd period - Neal Pionk is hit by Nick Bjugstad.
4:12 of 2nd period - Mike Hoffman is hit by Douche Larouche and loses puck.
4:58 of 2nd period - Joel Eriksson Ek is hit by Erik Johnson and loses puck.
5:12 of 2nd period - Minor Penalty to Erik Johnson for Interference.
5:13 of 2nd period - Moxie Manslammer wins face-off versus Boone Jenner in Finger Badgers zone.
5:20 of 2nd period - Shot by Pavel Buchnevich.
5:20 of 2nd period - Stopped by Tristan Jarry without a rebound.
5:21 of 2nd period - Pierre-Luc Dubois wins face-off versus Joel Eriksson Ek in Finger Badgers zone.
6:13 of 2nd period - Moxie Manslammer is hit by Douche Larouche.
7:27 of 2nd period - Shot by Pavel Buchnevich.
7:27 of 2nd period - Stopped by Tristan Jarry without a rebound.
7:28 of 2nd period - Ryan Johansen wins face-off versus Phillip Danault in Finger Badgers zone.
7:59 of 2nd period - Off-side.
8:00 of 2nd period - Moxie Manslammer wins face-off versus Yanni Gourde in neutral zone.
9:15 of 2nd period - Shot by Pierre-Luc Dubois.
9:15 of 2nd period - Shot Blocked by Jack Johnson.
9:46 of 2nd period - Icing by Josh Anderson.
9:47 of 2nd period - Joel Eriksson Ek wins face-off versus Boone Jenner in Finger Badgers zone.
10:02 of 2nd period - Erik Johnson is hit by Joel Eriksson Ek and loses puck.
10:18 of 2nd period - Minor Penalty to Erik Johnson for Hooking.
10:19 of 2nd period - Boone Jenner wins face-off versus Joel Eriksson Ek in Finger Badgers zone.
11:02 of 2nd period - Icing by Mike Hoffman.
11:03 of 2nd period - Pierre-Luc Dubois wins face-off versus Phillip Danault in Apsos zone.
12:28 of 2nd period - Shot by Chris Kreider.
12:28 of 2nd period - Shot Misses the Net.
12:38 of 2nd period - Jack Johnson is hit by Max Pacioretty and loses puck.
12:50 of 2nd period - Icing by Dmitry Kulikov.
12:51 of 2nd period - Moxie Manslammer wins face-off versus Marcus Foligno in Apsos zone.
14:02 of 2nd period - Shot by Henri Jokiharju.
14:02 of 2nd period - Deflect By Anders Lee.
14:02 of 2nd period - Stopped by Alexandar Georgiev without a rebound.
14:03 of 2nd period - Phillip Danault wins face-off versus Boone Jenner in Apsos zone.
15:05 of 2nd period - Icing by Henri Jokiharju.
15:06 of 2nd period - Pierre-Luc Dubois wins face-off versus Moxie Manslammer in Finger Badgers zone.
15:11 of 2nd period - Jack Johnson is hit by Tom Wilson and loses puck.
15:18 of 2nd period - Shot by Pierre-Luc Dubois.
15:18 of 2nd period - Stopped by Alexandar Georgiev without a rebound.
15:19 of 2nd period - Moxie Manslammer wins face-off versus Yanni Gourde in Apsos zone.
15:36 of 2nd period - Marcus Pettersson is hit by Yanni Gourde and loses puck.
15:47 of 2nd period - Shot by Yanni Gourde.
15:47 of 2nd period - Stopped by Alexandar Georgiev without a rebound.
15:48 of 2nd period - Pierre-Luc Dubois wins face-off versus Joel Eriksson Ek in Apsos zone.
16:05 of 2nd period - Shot by Joel Eriksson Ek.
16:05 of 2nd period - Stopped by Tristan Jarry without a rebound.
16:06 of 2nd period - Boone Jenner wins face-off versus Mike Hoffman in Finger Badgers zone.
16:19 of 2nd period - Shot by Ryan Hartman.
16:19 of 2nd period - Shot Misses the Net.
16:44 of 2nd period - Shot by Josh Anderson.
16:44 of 2nd period - Stopped by Alexandar Georgiev with a rebound.
17:04 of 2nd period - Phillip Danault is hit by Tom Wilson and loses puck.
17:23 of 2nd period - Shot by Pierre-Luc Dubois.
17:23 of 2nd period - Stopped by Alexandar Georgiev without a rebound.
17:24 of 2nd period - Moxie Manslammer wins face-off versus Yanni Gourde in Apsos zone.
18:21 of 2nd period - Icing by Joel Eriksson Ek.
18:22 of 2nd period - Joel Eriksson Ek wins face-off versus Boone Jenner in Apsos zone.
18:38 of 2nd period - Shot by Jakub Vrana.
18:38 of 2nd period - Shot Misses the Net.
18:40 of 2nd period - Shot by Joel Eriksson Ek.
18:40 of 2nd period - Shot Blocked by Douche Larouche.
18:42 of 2nd period - Shot by Gustav Forsling.
18:42 of 2nd period - Shot Blocked by Douche Larouche.
18:46 of 2nd period - Shot by Joel Eriksson Ek.
18:46 of 2nd period - Stopped by Tristan Jarry without a rebound.
18:47 of 2nd period - Pierre-Luc Dubois wins face-off versus Moxie Manslammer in Finger Badgers zone.
19:03 of 2nd period - Chris Kreider is hit by Nicolas Hague and loses puck.
19:14 of 2nd period - Shot by Pavel Buchnevich.
19:14 of 2nd period - Shot Blocked by Nicolas Hague.
19:32 of 2nd period - Shot by Joel Eriksson Ek.
19:32 of 2nd period - Stopped by Tristan Jarry without a rebound.
19:33 of 2nd period - Phillip Danault wins face-off versus Boone Jenner in Finger Badgers zone.
19:33 of 2nd period - Phillip Danault is hit by Douche Larouche.
19:38 of 2nd period - Icing by Douche Larouche.
19:39 of 2nd period - Boone Jenner wins face-off versus Jakub Vrana in Finger Badgers zone.
19:46 of 2nd period - Shot by Boone Jenner.
19:46 of 2nd period - Stopped by Alexandar Georgiev without a rebound.
19:47 of 2nd period - Boone Jenner wins face-off versus Brett Howden in Apsos zone.
Goals for this period are 0 for Finger Badgers vs 0 for Apsos.
Shots for this period are 7 for Finger Badgers vs 6 for Apsos.

3rd period


0:01 of 3rd period - Boone Jenner wins face-off versus Phillip Danault in neutral zone.
0:01 of 3rd period - Ryan Hartman is hit by Phillip Danault and loses puck.
0:37 of 3rd period - Icing by Adam Larsson.
0:38 of 3rd period - Pierre-Luc Dubois wins face-off versus Phillip Danault in Apsos zone.
0:44 of 3rd period - Icing by Brett Howden.
0:45 of 3rd period - Pierre-Luc Dubois wins face-off versus Pavel Buchnevich in Apsos zone.
0:45 of 3rd period - Pierre-Luc Dubois is hit by Adam Larsson.
0:49 of 3rd period - Shot by Anders Lee.
0:49 of 3rd period - Stopped by Alexandar Georgiev with a rebound.
0:57 of 3rd period - Shot by Brett Howden.
0:57 of 3rd period - Shot Blocked by Neal Pionk.
1:34 of 3rd period - Marcus Pettersson is hit by Tom Wilson and loses puck.
1:38 of 3rd period - Icing by Gustav Forsling.
1:39 of 3rd period - Boone Jenner wins face-off versus Joel Eriksson Ek in Apsos zone.
2:13 of 3rd period - Chris Kreider is hit by Henri Jokiharju and loses puck.
2:20 of 3rd period - Shot by Pavel Buchnevich.
2:20 of 3rd period - Shot Misses the Net.
2:38 of 3rd period - Dmitry Kulikov is hit by Ryan Hartman and loses puck.
3:19 of 3rd period - Shot by Max Pacioretty.
3:19 of 3rd period - Stopped by Alexandar Georgiev without a rebound.
3:20 of 3rd period - Ryan Johansen wins face-off versus Phillip Danault in Apsos zone.
3:33 of 3rd period - Shot by Ryan Johansen.
3:33 of 3rd period - Stopped by Alexandar Georgiev without a rebound.
3:34 of 3rd period - Pierre-Luc Dubois wins face-off versus Joel Eriksson Ek in Apsos zone.
3:49 of 3rd period - Shot by Joel Eriksson Ek.
3:49 of 3rd period - Stopped by Tristan Jarry with a rebound.
3:51 of 3rd period - Shot by Jamie Oleksiak.
3:51 of 3rd period - Stopped by Tristan Jarry with a rebound.
3:53 of 3rd period - Shot by Joel Eriksson Ek.
3:53 of 3rd period - Stopped by Tristan Jarry without a rebound.
3:54 of 3rd period - Ryan Johansen wins face-off versus Phillip Danault in Finger Badgers zone.
4:47 of 3rd period - Icing by Douche Larouche.
4:48 of 3rd period - Yanni Gourde wins face-off versus Joel Eriksson Ek in Finger Badgers zone.
4:48 of 3rd period - Yanni Gourde is hit by Nick Bjugstad.
5:09 of 3rd period - Shot by Eeli Tolvanen.
5:09 of 3rd period - Shot Misses the Net.
5:19 of 3rd period - Shot by Max Pacioretty.
5:19 of 3rd period - Shot Misses the Net.
5:25 of 3rd period - Shot by Yanni Gourde.
5:25 of 3rd period - Stopped by Alexandar Georgiev with a rebound.
6:12 of 3rd period - Minor Penalty to Boone Jenner for Holding.
6:13 of 3rd period - Pierre-Luc Dubois wins face-off versus Moxie Manslammer in Finger Badgers zone.
6:39 of 3rd period - Douche Larouche is hit by Moxie Manslammer and loses puck.
6:56 of 3rd period - Shot by Pierre-Luc Dubois.
6:56 of 3rd period - Stopped by Alexandar Georgiev with a rebound.
7:11 of 3rd period - Off-side.
7:12 of 3rd period - Ryan Johansen wins face-off versus Moxie Manslammer in neutral zone.
7:49 of 3rd period - Chris Kreider is hit by Josh Anderson and loses puck.
8:07 of 3rd period - Off-side.
8:08 of 3rd period - Ryan Johansen wins face-off versus Joel Eriksson Ek in neutral zone.
9:21 of 3rd period - Icing by TJ Brodie.
9:22 of 3rd period - Joel Eriksson Ek wins face-off versus Boone Jenner in Apsos zone.
9:39 of 3rd period - Shot by Ryan Hartman.
9:39 of 3rd period - Stopped by Alexandar Georgiev with a rebound.
9:41 of 3rd period - Shot by Neal Pionk.
9:41 of 3rd period - Stopped by Alexandar Georgiev with a rebound.
9:43 of 3rd period - Shot by Brayden McNabb.
9:43 of 3rd period - Shot Blocked by TJ Brodie.
9:45 of 3rd period - Shot by Ryan Hartman.
9:45 of 3rd period - Stopped by Alexandar Georgiev with a rebound.
9:47 of 3rd period - Shot by Josh Anderson.
9:47 of 3rd period - Deflect By Boone Jenner.
9:47 of 3rd period - Shot Blocked by TJ Brodie.
9:49 of 3rd period - Shot by Brayden McNabb.
9:49 of 3rd period - Stopped by Alexandar Georgiev without a rebound.
9:50 of 3rd period - Pierre-Luc Dubois wins face-off versus Phillip Danault in Apsos zone.
9:51 of 3rd period - Shot by Anders Lee.
9:51 of 3rd period - Stopped by Alexandar Georgiev without a rebound.
9:52 of 3rd period - Phillip Danault wins face-off versus Pierre-Luc Dubois in Apsos zone.
10:06 of 3rd period - Icing by Anders Lee.
10:07 of 3rd period - Pierre-Luc Dubois wins face-off versus Phillip Danault in Finger Badgers zone.
10:16 of 3rd period - Shot by Pierre-Luc Dubois.
10:16 of 3rd period - Stopped by Alexandar Georgiev without a rebound.
10:17 of 3rd period - Boone Jenner wins face-off versus Joel Eriksson Ek in Apsos zone.
10:26 of 3rd period - Shot by Boone Jenner.
10:26 of 3rd period - Stopped by Alexandar Georgiev without a rebound.
10:27 of 3rd period - Phillip Danault wins face-off versus Pierre-Luc Dubois in Apsos zone.
10:27 of 3rd period - Pavel Buchnevich is hit by Tom Wilson and loses puck.
10:33 of 3rd period - Minor Penalty to Marcus Pettersson for Holding.
10:34 of 3rd period - Boone Jenner wins face-off versus Moxie Manslammer in Apsos zone.
10:35 of 3rd period - Shot by Ryan Hartman.
10:35 of 3rd period - Deflect By Boone Jenner.
10:35 of 3rd period - Stopped by Alexandar Georgiev without a rebound.
10:36 of 3rd period - Boone Jenner wins face-off versus Moxie Manslammer in Apsos zone.
11:05 of 3rd period - Shot by Douche Larouche.
11:05 of 3rd period - Shot Blocked by Dmitry Kulikov.
11:09 of 3rd period - Shot by Ryan Hartman.
11:09 of 3rd period - Shot Misses the Net.
11:11 of 3rd period - Shot by Ryan Hartman.
11:11 of 3rd period - Stopped by Alexandar Georgiev without a rebound.
11:12 of 3rd period - Pierre-Luc Dubois wins face-off versus Moxie Manslammer in Apsos zone.
11:12 of 3rd period - Anders Lee is hit by Adam Larsson and loses puck.
11:40 of 3rd period - Pierre-Luc Dubois is hit by Adam Larsson and loses puck.
11:47 of 3rd period - Shot by Pierre-Luc Dubois.
11:47 of 3rd period - Stopped by Alexandar Georgiev without a rebound.
11:48 of 3rd period - Joel Eriksson Ek wins face-off versus Boone Jenner in Apsos zone.
11:48 of 3rd period - Dmitry Kulikov is hit by Josh Anderson and loses puck.
12:09 of 3rd period - Shot by Douche Larouche.
12:09 of 3rd period - Stopped by Alexandar Georgiev without a rebound.
12:10 of 3rd period - Pierre-Luc Dubois wins face-off versus Moxie Manslammer in Apsos zone.
12:11 of 3rd period - Shot by Douche Larouche.
12:11 of 3rd period - Shot Misses the Net.
12:38 of 3rd period - Phillip Danault is hit by Nicolas Hague.
13:10 of 3rd period - Off-side.
13:11 of 3rd period - Joel Eriksson Ek wins face-off versus Boone Jenner in neutral zone.
13:16 of 3rd period - Shot by Nick Bjugstad.
13:16 of 3rd period - Stopped by Tristan Jarry without a rebound.
13:17 of 3rd period - Anders Lee wins face-off versus Joel Eriksson Ek in Finger Badgers zone.
13:36 of 3rd period - Jamie Oleksiak is hit by Tom Wilson and loses puck.
13:45 of 3rd period - Shot by Tom Wilson.
13:45 of 3rd period - Stopped by Alexandar Georgiev without a rebound.
13:46 of 3rd period - Moxie Manslammer wins face-off versus Josh Anderson in Apsos zone.
13:53 of 3rd period - Shot by Boone Jenner.
13:53 of 3rd period - Shot Misses the Net.
14:07 of 3rd period - Shot by Boone Jenner.
14:07 of 3rd period - Shot Blocked by Dmitry Kulikov.
14:25 of 3rd period - Shot by Josh Anderson.
14:25 of 3rd period - Shot Misses the Net.
14:52 of 3rd period - Shot by Yanni Gourde.
14:52 of 3rd period - Stopped by Alexandar Georgiev with a rebound.
15:06 of 3rd period - Shot by Eeli Tolvanen.
15:06 of 3rd period - Shot Misses the Net.
15:18 of 3rd period - Neal Pionk is hit by Moxie Manslammer and loses puck.
15:33 of 3rd period - Shot by Tom Wilson.
15:33 of 3rd period - Stopped by Alexandar Georgiev without a rebound.
15:34 of 3rd period - Pierre-Luc Dubois wins face-off versus Joel Eriksson Ek in Apsos zone.
15:35 of 3rd period - Shot by Tom Wilson.
15:35 of 3rd period - Stopped by Alexandar Georgiev without a rebound.
15:36 of 3rd period - Joel Eriksson Ek wins face-off versus Pierre-Luc Dubois in Apsos zone.
15:53 of 3rd period - Shot by Jakub Vrana.
15:53 of 3rd period - Stopped by Tristan Jarry without a rebound.
15:54 of 3rd period - Phillip Danault wins face-off versus Boone Jenner in Finger Badgers zone.
15:54 of 3rd period - Minor Penalty to Nicolas Hague for Roughing.
15:55 of 3rd period - Joel Eriksson Ek wins face-off versus Boone Jenner in Finger Badgers zone.
15:58 of 3rd period - Shot by Joel Eriksson Ek.
15:58 of 3rd period - Goal by Joel Eriksson Ek - Finger Badgers : 0 - Apsos : 5.
15:59 of 3rd period - Joel Eriksson Ek wins face-off versus Pierre-Luc Dubois in neutral zone.
16:37 of 3rd period - Shot by Joel Eriksson Ek.
16:37 of 3rd period - Deflect By Jakub Vrana.
16:37 of 3rd period - Shot Misses the Net.
17:15 of 3rd period - Shot by Pavel Buchnevich.
17:15 of 3rd period - Stopped by Tristan Jarry without a rebound.
17:16 of 3rd period - Mike Hoffman wins face-off versus Yanni Gourde in Finger Badgers zone.
18:04 of 3rd period - Yanni Gourde is hit by Dmitry Kulikov and loses puck.
18:15 of 3rd period - Shot by Pavel Buchnevich.
18:15 of 3rd period - Shot Misses the Net.
18:58 of 3rd period - Minor Penalty to Adam Larsson for Boarding.
18:59 of 3rd period - Moxie Manslammer wins face-off versus Pierre-Luc Dubois in Apsos zone.
19:12 of 3rd period - Shot by Anders Lee.
19:12 of 3rd period - Stopped by Alexandar Georgiev with a rebound.
19:14 of 3rd period - Shot by Neal Pionk.
19:14 of 3rd period - Stopped by Alexandar Georgiev without a rebound.
19:15 of 3rd period - Boone Jenner wins face-off versus Joel Eriksson Ek in Apsos zone.
19:24 of 3rd period - Shot by Josh Anderson.
19:24 of 3rd period - Stopped by Alexandar Georgiev without a rebound.
19:25 of 3rd period - Tom Wilson wins face-off versus Moxie Manslammer in Apsos zone.
19:38 of 3rd period - Shot by Pierre-Luc Dubois.
19:38 of 3rd period - Stopped by Alexandar Georgiev without a rebound.
19:39 of 3rd period - Boone Jenner wins face-off versus Joel Eriksson Ek in Apsos zone.
Goals for this period are 0 for Finger Badgers vs 1 for Apsos.
Shots for this period are 24 for Finger Badgers vs 7 for Apsos.